 Dungeon Crawl Stone Soup version 0.29-a0-575-g0dc89cf053 (webtiles) character file.

Game seed: 17790519867090155229

40 bande the Shield-Bearer (level 3, -5/24 HPs)
             Began as a Gargoyle Fighter on June 13, 2022.
             Slain by Terence
             ... wielding a +0 flail
              (7 damage)
             ... on level 2 of the Dungeon.
             The game lasted 00:03:11 (1311 turns).

bande the Shield-Bearer (Gargoyle Fighter)          Turns: 1311, Time: 00:03:11

Health: -5/24      AC: 12    Str: 19    XL:     3   Next: 50%
Magic:  3/3        EV:  7    Int:  8    God:
Gold:   69         SH:  4    Dex: 11    Spells: 2/2 levels left

rFire   . . .      SeeInvis .   a - +1 war axe
rCold   . . .      Faith    .   c - +0 buckler
rNeg    + . .      Spirit   .   g - +0 chain mail
rPois   ∞          Reflect  .   (no helmet)
rElec   +          Harm     .   (no cloak)
rCorr   .          Rampage  .   (no gloves)
Will    .....                   (no boots)
Stlth   ..........              (no amulet)
HPRegen 0.08/turn               (no ring)
MPRegen 0.08/turn               (no ring)

@: no status effects
A: sickness immunity, AC +3, negative energy resistance 1, electricity
resistance, torment resistance 1, petrification resistance
a: no special abilities


You were on level 2 of the Dungeon.
You visited 1 branch of the dungeon, and saw 2 of its levels.

You collected 69 gold pieces.

Inventory:

Hand Weapons
 a - a +1 war axe (weapon)
Armour
 c - a +0 buckler (worn)
 g - a +0 chain mail (worn)
Jewellery
 e - a ring of magical power
 i - a ring of ice
Scrolls
 f - a scroll of teleportation
Potions
 b - a potion of curing
 d - a potion of might
 h - a potion of cancellation {unknown}


   Skills:
 + Level 3.6 Fighting
 + Level 2.4 Axes
 + Level 3.5 Armour
 + Level 3.8 Shields


You had 2 spell levels left.
You didn't know any spells.
Your spell library was empty.

Dungeon Overview and Level Annotations

Branches:
Dungeon (2/15)

Altars:

Shops:
D:1 (

Annotations:
D:2 Terence


Innate Abilities, Weirdness & Mutations

You are immune to sickness and miasma.
Your stone body is resilient. (AC +3)
You are immune to poison.
You resist negative energy. (rN+)
You are resistant to electric shocks. (rElec)
You are resistant to unholy torment.
You are immune to petrification.


Message History

The frilled lizard bites you but does no damage.
You block the frilled lizard's attack.
You miss the frilled lizard.
The frilled lizard is heavily wounded.
The frilled lizard closely misses you.
You slash the frilled lizard!
You kill the frilled lizard!
No target in view!
No target in view!
No target in view!
No target in view!
h - a bubbling pink potion You see here a frilled lizard corpse.
A hobgoblin comes into view.
The hobgoblin shouts!
A hobgoblin is nearby!
You slash the hobgoblin!
You kill the hobgoblin!
You see here a hobgoblin corpse.
Terence the Incautious comes into view.
He is wielding a +0 flail, wearing a +4 scale mail of poison resistance and carrying a wand of digging (9).
Terence shouts!
Terence is nearby!
Terence drinks a potion.
Terence flickers and vanishes!
Deactivating autopickup; reactivate with Ctrl-A.
No target in view!
No target in view!
No target in view!
No target in view!
No target in view!
You miss something. Something hits you. x2
You miss something. Something hits you but does no damage.
You hit something. Something hits you but does no damage. Something hits you!
You barely miss something. Something hits you.
* * * LOW HITPOINT WARNING * * *
You hit something but do no damage. Something hits you but does no damage.
You miss something.
Something hits you but does no damage. x2
You barely miss something. Something hits you.
* * * LOW HITPOINT WARNING * * *
You barely miss something. Something hits you!
You die...

#.........≈≈.....
#..###≈≈≈≈≈≈###.. #..
##≈≈≈≈## .. #.# ###### ###
#.### #.# #... ..# #..#
#.# #{.# #.# #@.# #.# #..#
#.##.. ########.#######..#
..#.# ..................#
#.#.# ..†.####.#######..#
...# .##.#
#.#######..######..# .##.#
#.†................# .##.#
#########.###.###..#######
###.############.#
#......)......


There were no monsters in sight!

Vanquished Creatures
  2 ball pythons
  4 bats
  An endoplasm (D:2)
  2 giant cockroaches
  7 goblins
  6 hobgoblins
  6 kobolds
  4 frilled lizards
  4 rats
36 creatures vanquished.

Notes
Turn   | Place    | Note
-------+----------+-------------------------------------------
     0 | D:1      | bande the Gargoyle Fighter began the quest for the Orb.
     0 | D:1      | Reached XP level 1. HP: 14/14 MP: 1/1
   169 | D:1      | Found a faded altar of an unknown god.
   174 | D:1      | Found Wusyluj's Antique Weapon Boutique.
   179 | D:1      | Reached XP level 2. HP: 19/19 MP: 2/2
   917 | D:2      | Reached XP level 3. HP: 21/23 MP: 3/3
  1300 | D:2      | Noticed Terence
  1311 | D:2      | Slain by Terence

Illustrated notes

Levels and vault maps discovered:
D:1:      dpeg_arrival_line_fractal, layout_basic, serial_shops, shop,
          shapermc_ecumenical_altar_mp_highgroup
D:2:      cheibrodos_helix_gallery, layout_basic, serial_corexii_hall,
          corexii_hall_statues_l, corexii_hall_statues_s,
          chequers_hall_statues_corner_a, chequers_hall_statues_wall_a,
          grunt_ministairs_7, uniq_terence

Skill      XL: |  1  2 |
---------------+-------+-----
Axes           | 2 |  2.4
Fighting       | |  3.6
Armour         | |  3.5
Shields        | |  3.8

Action                   || total
-------------------------++-------
Melee: War axe           ||    97
  Use: Scroll            ||     4
Armor: Scale mail        ||    19
       Chain mail        ||    43
Dodge: Dodged            ||    41
Block: Buckler           ||    19

Table legend: (Time is in decaauts)
 A = Elapsed time spent in this place.
 B = Non-inter-level travel time spent in this place.
 C = Inter-level travel time spent in this place.
 D = Time resting spent in this place.
 E = Time spent auto-exploring this place.
 F = Levels seen in this place.
 G = Mean time per level.
                   A        B        C        D        E       F      G
               +--------+--------+--------+--------+--------+-----+--------+
         Total |   1352 |   1352 |      0 |      0 |   1037 |   2 |  676.0 |
       Dungeon |   1352 |   1352 |      0 |      0 |   1037 |   2 |  676.0 |
               +--------+--------+--------+--------+--------+-----+--------+

Top non-repeatable levels by time:
     D:1: 912 daAuts
     D:2: 440 daAuts
